 Dungeon Crawl Stone Soup version 0.31.0-11-ge490571c62 (webtiles) character file.

Game seed: 16268601170105154540

112 Esekla the Grave Robber (level 4, -11/28 HPs)
             Began as an Octopode Necromancer on Feb 2, 2024.
             Mangled by an ogre
             ... wielding a +0 giant club
              (19 damage)
             ... on level 4 of the Dungeon.
             The game lasted 00:07:50 (1062 turns).

Esekla the Grave Robber (Octopode Necromancer)      Turns: 1062, Time: 00:07:51

Health: -11/28     AC:  1    Str: 13    XL:     4   Next: 93%
Magic:  1/7        EV: 13    Int: 19    God:
Gold:   97         SH:  0    Dex: 12    Spells: 4/8 levels left

rFire   . . .        a - +0 dagger
rCold   . . .        (no shield)
rNeg    . . .        (helmet restricted)
rPois   .            (no amulet)
rElec   .            m - +6 ring of strength
rCorr   .            (no ring)
SInv    .            (no ring)
Will    .....        (no ring)
Stlth   +++          (no ring)
HPRegen 0.24/turn    (no ring)
MPRegen 0.10/turn    (no ring)
                     (no ring)

%: no passive effects
@: no status effects
A: almost no armour, amphibious, 8 rings, camouflage 1, gelatinous body 1,
(nimble swimmer 1), tentacles
a: no special abilities


You were on level 4 of the Dungeon.
You visited 1 branch of the dungeon, and saw 4 of its levels.

You collected 97 gold pieces.

Inventory:

Hand Weapons
 a - a +0 dagger (weapon)
Jewellery
 k - a ring of protection from cold
 m - a +6 ring of strength (left tentacle)
Wands
 e - a wand of roots (1)
Scrolls
 c - a scroll of noise {unknown}
 d - a scroll of brand weapon {unknown}
 g - a scroll of fear {unknown}
 j - a scroll of identify {unknown}
Potions
 b - a potion of lignification {unknown}
 f - a potion of curing {unknown}
 h - a potion of attraction {unknown}
 i - a potion of berserk rage {unknown}
 l - a potion of magic
 n - a potion of mutation {unknown}


   Skills:
 * Level 1.2 Fighting
 + Level 1.0 Short Blades
 * Level 2.6 Dodging
 + Level 3.8 Stealth
 * Level 2.5 Spellcasting
 * Level 4.6 Necromancy


You had 4 spell levels left.
You knew the following spells:

 Your Spells              Type           Power      Damage    Failure   Level
a - Necrotise             Necr           80%        1d8       2%          1
d - Vampiric Draining     Necr           20%        2d7       7%          3

Your spell library contained the following spells:

 Spells                   Type           Power      Damage    Failure   Level
 Animate Dead             Necr           20%        N/A       24%         4
 Curse of Agony           Necr           20%        N/A       54%         5


Dungeon Overview and Level Annotations

Branches:
Dungeon (4/15)
 Temple: D:4-7

Altars:

Shops:
D:1 *   D:4 [

Annotations:
D:4 Natasha


Innate Abilities, Weirdness & Mutations

You cannot wear most types of armour.
You are amphibious.
You can wear up to eight rings at the same time.
Your skin changes colour to match your surroundings (Stealth+).
Your rubbery body absorbs attacks. (AC +1, EV +1)
((You are camouflaged when in or above water. (Stealth+)))
You have tentacles for arms and can constrict up to eight enemies at once.


Message History

The web tears apart.
There is an escape hatch in the floor here.
You slide downwards.
The hatch slams shut behind you.
Level annotation: Natasha The ogre shouts!
You hear an angry hiss.
You hit the ogre but do no damage. You squeeze the ogre.
The ogre is lightly wounded.
The ogre barely misses you.
Cast which spell? (? or * to list)
Aiming: Vampiric Draining (quite dangerous; 7% risk of failure)
Press: ? - help, Shift-Dir - straight line, f - ogre
Aim: an ogre, wielding a +0 giant club (lightly wounded)
You draw life force from the ogre!
You feel life coursing into your body.
You barely miss the ogre.
The ogre is moderately wounded.
The ogre hits you with a +0 giant club!!
Ouch! That really hurt!
* * * LOW HITPOINT WARNING * * *
A ball python comes into view.
Casting: Vampiric Draining (quite dangerous; 7% risk of failure)
Confirm with . or Enter, or press ? or * to list all spells.
Aiming: Vampiric Draining (quite dangerous; 7% risk of failure)
Press: ? - help, Shift-Dir - straight line, f/p - ogre
Aim: an ogre, wielding a +0 giant club (moderately wounded)
You draw life force from the ogre.
You feel life coursing into your body. The ogre barely misses you.
You closely miss the ball python. You grab the ball python.
You constrict the ball python, but do no damage.
The ball python barely misses you. The ball python completely misses you.
You barely miss the ogre.
The ogre is heavily wounded.
You constrict the ball python. The ball python barely misses you.
The ball python closely misses you. The ogre closely misses you.
You hit the ogre. You squeeze the ogre!
The ogre is almost dead.
You constrict the ball python.
You kill the ball python!
The ogre hits you with a +0 giant club!!
Ouch! That really hurt!
You die...

.. ..
#. ##.
.. #.##
#.O#
#@# #.#
...
.....
###.#.#
#.#.#
..#.#
.## #


You could see an ogre.

Vanquished Creatures
  A scorpion (D:4)
  2 adders
  A dart slug (D:4)
  3 orcs (D:4)
  9 ball pythons
  3 giant cockroaches
  2 goblins
  3 jackals (D:2)
  2 quokkas
  3 bats (D:1)
  A frilled lizard (D:2)
  A kobold (D:1)
31 creatures vanquished.

Notes
Turn   | Place    | Note
-------+----------+-------------------------------------------
     0 | D:1      | Esekla the Octopode Necromancer began the quest for the
                  | Orb.
     0 | D:1      | Reached XP level 1. HP: 11/11 MP: 3/3
   194 | D:2      | Reached XP level 2. HP: 14/18 MP: 5/5
   316 | D:1      | Found Koecucre's General Store.
   319 | D:1      | Found a faded altar of an unknown god.
   326 | D:1      | Reached XP level 3. HP: 20/22 MP: 6/6
   333 | D:1      | Learned a level 3 spell: Vampiric Draining
   515 | D:4      | Noticed a scorpion
   560 | D:4      | Found Ciciu's Antique Armour Emporium.
   758 | D:4      | Noticed Natasha
   970 | D:4      | Killed a scorpion
   971 | D:4      | Reached skill level 1 in Fighting
   971 | D:4      | Reached skill level 1 in Short Blades
   971 | D:4      | Reached XP level 4. HP: 11/28 MP: 7/7
  1055 | D:4      | Noticed an ogre
  1062 | D:4      | Mangled by an ogre

Illustrated notes

Levels and vault maps discovered:
D:1:      mrwooster_arrival_statue_3, layout_basic,
          hellmonk_ecumenical_altar_pennies_from_heaven, serial_shops, shop,
          minmay_misc_feat_square
D:2:      layout_loops_ring, grunt_decor_fettered,
          ebering_dispersal_statue_hall, minmay_misc_feat_plants,
          chequers_serial_rivers_micro_b
D:3:      layout_rooms, ebering_ghost_reflecting_pool
D:4:      layout_loops_cross, gammafunk_ghost_necromancy,
          nicolae_inconvenience_store, uniq_natasha

Skill      XL: |  1  2  3 |
---------------+----------+-----
Stealth        | 3 |  3.8
Fighting       | 1 |  1.2
Short Blades   | 1 |  1.0
Dodging        | |  2.6
Spellcasting   | |  2.5
Necromancy     | |  4.6

Action                     |  1- 3 |  4- 6 || total
---------------------------+-------+-------++-------
  Melee: Short sword       |    39 |       ||    39
         Constrict         |    21 |     1 ||    22
         Tentacles         |    17 |     2 ||    19
         Unarmed           |     4 |       ||     4
         Dagger            |    24 |     7 ||    31
   Cast: Vampiric Draining |       |     2 ||     2
   Stab: Sleeping          |    10 |     2 ||    12
 Armour: Skin              |    25 |     2 ||    27
  Dodge: Dodged            |    31 |     7 ||    38
